[Event "Plancoet 2015"]
[Site "?"]
[Date "2015.07.26"]
[Round "1.4"]
[White "Serralta, Michel"]
[Black "Guliyev, Namig"]
[Result "0-1"]
[ECO "B23"]
[WhiteElo "2112"]
[BlackElo "2552"]
[PlyCount "84"]
[TimeControl "240+2"]

{1024MB} 1. e4 c5 2. Nc3 a6 3. f4 b5 4. Nf3 Bb7 5. Qe2 g6 6. g3 Bg7 7. Bg2 b4
8. Nd1 d6 9. O-O Nc6 10. e5 e6 11. c3 dxe5 12. fxe5 Nge7 13. d3 O-O 14. Bg5 Qc7
15. Ne3 bxc3 16. bxc3 Nxe5 17. Nxe5 Bxe5 18. d4 Bg7 19. Bxb7 Qxb7 20. dxc5 f6
21. Nc4 fxg5 22. Qxe6+ Kh8 23. Nd6 Qc7 24. Nf7+ Rxf7 25. Rxf7 Qxc5+ 26. Kg2
Qd5+ 27. Qxd5 Nxd5 28. Rc1 Rc8 29. Ra7 Rf8 30. Rxa6 Ne3+ 31. Kg1 Bxc3 32. Ra4
h5 33. h4 Bd2 34. Rb1 Nf5 35. Rf1 g4 36. Kh2 Re8 37. Rf2 Be1 38. Rg2 Re3 39.
Ra8+ Kg7 40. Rg1 Bxg3+ 41. Kh1 Bxh4 42. Rf1 Re2 0-1

[Event "Plancoet 2015"]
[Site "?"]
[Date "2015.07.26"]
[Round "1.5"]
[White "Bailet, Pierre"]
[Black "Lucas, Jean-Christian"]
[Result "1-0"]
[ECO "B32"]
[WhiteElo "2503"]
[BlackElo "2095"]
[PlyCount "89"]
[TimeControl "240+2"]

{1024MB} 1. e4 c5 2. Nf3 Nc6 3. d4 cxd4 4. Nxd4 e5 5. Nb5 a6 6. Nd6+ Bxd6 7.
Qxd6 Qf6 8. Qxf6 Nxf6 9. Nc3 d5 10. exd5 Nb4 11. Bd3 Nfxd5 12. Nxd5 Nxd5 13.
Bd2 O-O 14. O-O-O Re8 15. Rhe1 Bd7 16. c4 Rac8 17. Kb1 Nf6 18. Bc3 e4 19. Bc2
Bc6 20. h3 Rcd8 21. Rxd8 Rxd8 22. g4 Re8 23. a4 e3 24. Rxe3 Rxe3 25. fxe3 Ne4
26. Be1 Ng5 27. b4 Nxh3 28. b5 axb5 29. cxb5 Bf3 30. Bf5 Ng5 31. Kc2 Ne6 32.
Kc3 g6 33. Bd3 Nc5 34. Bc2 Kf8 35. Kd4 Nd7 36. g5 f6 37. gxf6 Kf7 38. Bh4 h6
39. Bb3+ Kf8 40. f7 g5 41. Bg3 Ke7 42. Be1 Kf8 43. Be6 h5 44. Bxd7 Kxf7 45. Ke5
1-0

[Event "Plancoet 2015"]
[Site "?"]
[Date "2015.07.26"]
[Round "1.6"]
[White "Schmitz, Andreas"]
[Black "Kasparov, Sergey"]
[Result "0-1"]
[ECO "B01"]
[WhiteElo "2090"]
[BlackElo "2497"]
[PlyCount "64"]
[EventDate "2015.??.??"]
[TimeControl "240+2"]

{1024MB} 1. e4 d5 2. exd5 Qxd5 3. Qf3 Nf6 4. Qxd5 Nxd5 5. Nf3 Nc6 6. Bb5 Bd7 7.
Bxc6 Bxc6 8. Ne5 Nb4 9. Nxc6 Nxc6 10. c3 e5 11. O-O O-O-O 12. b4 g6 13. a4 Bh6
14. f4 e4 15. f5 Rd3 16. fxg6 hxg6 17. Na3 Ne5 18. c4 Bxd2 19. Bxd2 Rxd2 20.
Rad1 Rhd8 21. Rxd2 Rxd2 22. Nb5 c6 23. Nc3 Rd4 24. Rf4 f5 25. g4 Rxc4 26. gxf5
Rxc3 27. Rxe4 Nf3+ 28. Kg2 gxf5 29. Rf4 Ne1+ 30. Kh1 Rf3 31. Rxf3 Nxf3 32. h3
Nh4 0-1

[Event "Plancoet 2015"]
[Site "?"]
[Date "2015.07.26"]
[Round "1.7"]
[White "Karpatchev, Aleksandr"]
[Black "Najart, David"]
[Result "1-0"]
[ECO "B22"]
[WhiteElo "2473"]
[BlackElo "2077"]
[PlyCount "59"]
[TimeControl "240+2"]

{1024MB} 1. e4 c5 2. c3 Qa5 3. Nf3 g6 4. Na3 Bg7 5. Nc4 Qc7 6. d4 d6 7. a4 Nf6
8. e5 dxe5 9. dxe5 Ng4 10. Bf4 Nc6 11. h3 Ngxe5 12. Ncxe5 Nxe5 13. Bb5+ Kf8 14.
O-O Nxf3+ 15. Qxf3 e5 16. Be3 Be6 17. b4 c4 18. a5 f5 19. a6 e4 20. Qe2 b6 21.
f3 exf3 22. Qxf3 Kf7 23. Bf4 Be5 24. Bxe5 Qxe5 25. Qb7+ Kf6 26. Rfe1 Bd5 27.
Bc6 Be4 28. Bxe4 fxe4 29. Rxe4 Qd6 30. h4 1-0

[Event "Plancoet 2015"]
[Site "?"]
[Date "2015.07.26"]
[Round "1.8"]
[White "Marimoutou, Loic"]
[Black "Okhotnik, Vladimir"]
[Result "0-1"]
[ECO "C47"]
[WhiteElo "2065"]
[BlackElo "2452"]
[PlyCount "77"]
[EventDate "2015.??.??"]
[TimeControl "240+2"]

{1024MB} 1. e4 e5 2. Nf3 d6 3. d4 Nf6 4. Nc3 Nc6 5. dxe5 Nxe5 6. Nxe5 dxe5 7.
Qxd8+ Kxd8 8. Bc4 Be6 9. Bxe6 fxe6 10. f3 Bc5 11. Na4 Bd6 12. Be3 Ke7 13. Ke2
h6 14. c4 c6 15. Rab1 b5 16. cxb5 cxb5 17. Nc5 Rhc8 18. Rbc1 a5 19. Rc2 Rc6 20.
Rhc1 Rac8 21. Kd2 Rb8 22. Nd3 Rxc2+ 23. Rxc2 Kd7 24. Bf2 Nh5 25. g4 Nf4 26.
Nxf4 exf4 27. Bd4 e5 28. Bc5 b4 29. Bxd6 Kxd6 30. Rc4 g5 31. Kc2 h5 32. gxh5
Rh8 33. Kb3 Rxh5 34. Rc2 Rh3 35. Ka4 Rxf3 36. Kxa5 Re3 37. Ka4 f3 38. Rf2 g4
39. Rf1 0-1

[Event "Plancoet 2015"]
[Site "?"]
[Date "2015.07.26"]
[Round "1.9"]
[White "Terrieux, Kevin"]
[Black "Ralle, Pierre"]
[Result "1/2-1/2"]
[ECO "D38"]
[WhiteElo "2435"]
[BlackElo "2051"]
[PlyCount "75"]
[TimeControl "240+2"]

{1024MB} 1. d4 Nf6 2. c4 e6 3. Nc3 Bb4 4. Qc2 d5 5. cxd5 exd5 6. Bg5 Nbd7 7. e3
c5 8. Nf3 Qa5 9. Bd3 c4 10. Bf5 O-O 11. O-O Re8 12. Nd2 g6 13. Bxd7 Nxd7 14.
Rfe1 Nb6 15. f3 Bd7 16. a3 Bxc3 17. bxc3 Na4 18. Rac1 Nb6 19. Qb2 Ba4 20. Nf1
Re6 21. Qd2 Rae8 22. h4 Bc6 23. h5 a6 24. Ra1 Na4 25. Rac1 Nb6 26. Ra1 Na4 27.
Rec1 f6 28. Bf4 Qd8 29. hxg6 hxg6 30. g4 b5 31. Ra2 g5 32. Bg3 R8e7 33. Bf2 Be8
34. Ng3 Bg6 35. Nf5 Rh7 36. Kg2 Bxf5 37. gxf5 Ree7 38. Raa1 1/2-1/2

[Event "Plancoet 2015"]
[Site "?"]
[Date "2015.07.26"]
[Round "1.10"]
[White "Thomas, Anysia"]
[Black "Dumitrache, Dragos"]
[Result "0-1"]
[ECO "E15"]
[WhiteElo "2051"]
[BlackElo "2423"]
[PlyCount "90"]
[TimeControl "240+2"]

{1024MB} 1. d4 Nf6 2. Nf3 e6 3. c4 b6 4. g3 Ba6 5. Nbd2 c5 6. Bg2 Bb7 7. O-O
cxd4 8. Nb3 Qc7 9. Bf4 d6 10. Nbxd4 a6 11. Nb3 Be7 12. Rc1 Nbd7 13. Re1 O-O 14.
Nbd2 Rfd8 15. b4 Rac8 16. Nb3 Qb8 17. Bg5 h6 18. Bxf6 Nxf6 19. Qd4 Ba8 20. e4
Rd7 21. a4 Rdd8 22. Nfd2 Nd7 23. Qe3 Ne5 24. Nd4 Rc7 25. Bh3 Qc8 26. Qe2 Bf6
27. N4b3 Nc6 28. b5 Nb4 29. Qe3 Qb8 30. Bf1 a5 31. Nf3 Bb2 32. Nfd4 Bxc1 33.
Rxc1 Rdc8 34. h4 Qb7 35. f3 Re7 36. Be2 Rcc7 37. Rd1 Qc8 38. Qc3 d5 39. exd5
exd5 40. Bd3 Nxd3 41. Rxd3 dxc4 42. Nf5 Qxf5 43. Rd8+ Kh7 44. Nd4 Qd3 45. Qb2
Re1+ 0-1

[Event "Plancoet 2015"]
[Site "?"]
[Date "2015.07.26"]
[Round "1.11"]
[White "Filip, Lucian"]
[Black "Dupre, Mickael"]
[Result "1-0"]
[ECO "E92"]
[WhiteElo "2419"]
[BlackElo "2050"]
[PlyCount "59"]
[TimeControl "240+2"]

{1024MB} 1. Nf3 Nf6 2. c4 g6 3. Nc3 d6 4. e4 Bg7 5. d4 O-O 6. Be2 e5 7. Be3 Nc6
8. d5 Ne7 9. Nd2 Ne8 10. c5 f5 11. f3 c6 12. O-O cxd5 13. exd5 Kh8 14. Nc4 dxc5
15. Bxc5 b6 16. Ba3 Bb7 17. Qb3 Qd7 18. Rad1 Rc8 19. Rfe1 g5 20. Bf1 Ng6 21.
Bxf8 Bxf8 22. Nxe5 Nxe5 23. Rxe5 Bd6 24. Bb5 Qf7 25. Rxe8+ Rxe8 26. Bxe8 Qxe8
27. Nb5 Bc5+ 28. Kh1 a6 29. Nc7 Qg6 30. Ne6 1-0

[Event "Plancoet 2015"]
[Site "?"]
[Date "2015.07.27"]
[Round "2.1"]
[White "Bedouin, Xavier"]
[Black "Feller, Sebastien"]
[Result "1/2-1/2"]
[ECO "B08"]
[WhiteElo "2337"]
[BlackElo "2622"]
[PlyCount "53"]
[TimeControl "240+2"]

{1024MB} 1. e4 Nc6 2. Nf3 d6 3. d4 Nf6 4. Nc3 g6 5. h3 Bg7 6. Be3 O-O 7. Qd2 e5
8. dxe5 dxe5 9. O-O-O Be6 10. Bb5 a6 11. Bxc6 Qxd2+ 12. Rxd2 bxc6 13. Nxe5 Nxe4
14. Nxe4 Bxe5 15. Bd4 Bxd4 16. Rxd4 h5 17. h4 a5 18. a4 Kg7 19. Re1 Rfe8 20.
Kd2 Rab8 21. b3 Bf5 22. Re3 Rbd8 23. Kc3 Rb8 24. Rc4 Re6 25. f3 Rd8 26. Rd3 Rd5
27. Rdd4 1/2-1/2

[Event "Plancoet 2015"]
[Site "?"]
[Date "2015.07.27"]
[Round "2.2"]
[White "Maiorov, Nikita"]
[Black "Sochacki, Wojtek"]
[Result "1/2-1/2"]
[ECO "D45"]
[WhiteElo "2573"]
[BlackElo "2302"]
[PlyCount "124"]
[EventDate "2015.??.??"]
[TimeControl "240+2"]

{1024MB} 1. d4 d5 2. c4 c6 3. Nc3 Nf6 4. e3 e6 5. Nf3 Nbd7 6. Be2 dxc4 7. a4
Bd6 8. Nd2 Qc7 9. Nxc4 Be7 10. a5 O-O 11. O-O Rd8 12. Bf3 e5 13. Qe2 exd4 14.
exd4 Nf8 15. Rd1 Be6 16. Bg5 Ng4 17. Bxg4 Bxg5 18. Bf3 Ng6 19. g3 Bf6 20. d5
cxd5 21. Nxd5 Bxd5 22. Bxd5 Ne7 23. Be4 Rxd1+ 24. Rxd1 Rc8 25. Nd6 Rd8 26. Nxb7
Rxd1+ 27. Qxd1 Bxb2 28. Bxh7+ Kxh7 29. Qb1+ g6 30. Qxb2 Nc6 31. Qb5 Kg7 32. h4
Kh7 33. a6 Kg7 34. Qd5 Kf8 35. Qc5+ Kg7 36. Nd6 Qd7 37. Qc3+ Kf8 38. Qc5 Kg7
39. Kh2 Kf8 40. Ne4+ Kg7 41. Qc3+ Kf8 42. Qh8+ Ke7 43. Qf6+ Kf8 44. Ng5 Qd5 45.
Qh8+ Ke7 46. Qa8 Kf6 47. Qh8+ Ke7 48. Qc3 Kf8 49. Nh7+ Ke7 50. Qa3+ Qd6 51.
Qe3+ Kd7 52. Ng5 Qd5 53. Ne4 Kc7 54. Nf6 Qf5 55. Nh7 Qc2 56. Qf4+ Kb6 57. Nf8
Qa2 58. Qf3 Qxa6 59. Nd7+ Ka5 60. Qxf7 Qd3 61. Nf8 Qf5 62. Qxf5+ gxf5 {et
nulle 10 coups plus tard} 1/2-1/2